 Dungeon Sprint DCSS version 0.21-a0-51-gea492e9 (webtiles) character file.

769 pib the Thaumaturge (level 7, -2/40 HPs)
             Began as a Deep Elf Conjurer on June 11, 2017.
             Was an Elder of Vehumet.
             Slain by a tarantella (15 damage)
             ... in the Dungeon (Sprint V: "Ziggurat Sprint").
             The game lasted 00:09:04 (870 turns).

pib the Thaumaturge (Deep Elf Conjurer)              Turns: 870, Time: 00:09:05

Health: -2/40      AC:  2    Str: 20    XL:     7   Next: 52%
Magic:  24/32      EV: 13    Int: 28    God:    Vehumet [****..]
Gold:   0          SH:  0    Dex: 15    Spells: 28/34 levels left

rFire    . . .     SeeInvis .   I - +6 Majin-Bo {vamp, Archmagi MP+6 Int+6}
rCold    . . .     Gourm    .   (shield currently unavailable)
rNeg     . . .     Faith    +   a - +0 robe
rPois    +         Spirit   .   (no helmet)
rElec    .         Reflect  .   (no cloak)
rCorr    .         Harm     .   (no gloves)
MR       .....     NoTele   +   (no boots)
Stlth    +.........             P - amulet of Odeats {Faith rPois Str+3}
Regen    0.2/turn               C - +6 ring of strength
MPRegen  0.3/turn               D - +6 ring of strength

@: confused, very slightly contaminated
A: no striking features
a: Renounce Religion


You were in the Dungeon.
You worshipped Vehumet.
Vehumet was greatly pleased with you.
You were not hungry.

You visited 1 branch

Inventory:

Hand Weapons
 I - the +6 Majin-Bo (weapon) {vamp, Archmagi MP+6 Int+6}
   (You found it in the Dungeon)

   It inflicts no extra harm, but heals its wielder when it wounds a living foe.
   It affects your intelligence (+6).
   It affects your magic capacity (+6).
 J - the +7 Singing Sword
   (You found it in the Dungeon)
Armour
 a - a +0 robe (worn)
 M - +5 gold dragon scales
 N - a +3 buckler
Magical Staves
 K - an uncursed staff of energy
Jewellery
 y - a +6 ring of dexterity
 z - a +6 ring of dexterity
 A - a +6 ring of intelligence
 B - a +6 ring of intelligence
 C - a +6 ring of strength (left hand)
 D - a +6 ring of strength (right hand)
 P - the amulet of Odeats (around neck) {Faith rPois Str+3}
   (You found it in the Dungeon)

   [amulet of faith]

   It allows you to gain divine favour quickly.
   It affects your strength (+3).
   It protects you from poison.
Wands
 E - a wand of disintegration (4/24)
 F - a wand of iceblast (5/15)
 G - a wand of lightning (4/15)
 H - a wand of acid (5/15)
Scrolls
 i - 2 scrolls of blinking
 p - 4 scrolls of amnesia
 q - 3 scrolls of recharging
 r - 7 scrolls of fog
 s - a scroll of holy word
 t - 5 scrolls of identify
 u - 5 scrolls of remove curse
 v - 2 scrolls of fear
Potions
 d - 10 potions of curing
 e - 7 potions of heal wounds
 f - 6 potions of haste
 g - 7 potions of magic
 h - 3 potions of berserk rage
 j - 2 potions of brilliance
 k - 2 potions of invisibility
 l - 4 potions of resistance
 n - 5 potions of agility
 o - 6 potions of might
Books
 b - a book of Conjurations

   Spells                             Type                      Level
   a - Magic Dart                     Conjuration                  1
   b - Searing Ray                    Conjuration                  2
   c - Dazzling Spray                 Conjuration/Hexes            3
   d - Fulminant Prism                Conjuration/Hexes            4
   e - Force Lance                    Conjuration/Translocation    4
   f - Iskenderun's Mystic Blast      Conjuration                  4
 O - a book of the Tempests

   Spells                             Type                      Level
   a - Static Discharge               Conjuration/Air              3
   b - Lightning Bolt                 Conjuration/Air              5
   c - Ignition                       Fire                         8
   d - Tornado                        Air                          9
   e - Shatter                        Earth                        9
 Q - a Fen Folio

   Spells                             Type                      Level
   a - Corpse Rot                     Necromancy                   2
   b - Stone Arrow                    Conjuration/Earth            3
   c - Leda's Liquefaction            Hexes/Earth                  4
   d - Summon Forest                  Summoning/Translocation      5
   e - Hydra Form                     Transmutation                6
   f - Summon Hydra                   Summoning                    7
 S - a book of Dreams

   Spells                             Type                      Level
   a - Ensorcelled Hibernation        Hexes/Ice                    2
   b - Silence                        Hexes/Air                    5
   c - Darkness                       Hexes                        6
   d - Shadow Creatures               Summoning                    6
Miscellaneous
 m - a phial of floods
 L - a lightning rod (4/4)
 R - a lightning rod (4/4)
Comestibles
 c - 4 bread rations
 w - 42 fruits
 x - 4 meat rations


   Skills:
 + Level 2.4 Fighting
 - Level 2.4 Dodging
 - Level 2.4 Stealth
 - Level 14.1 Spellcasting
 - Level 10.2 Conjurations
 + Level 9.4 Air Magic


You had 28 spell levels left.
You knew the following spells:

 Your Spells              Type           Power        Failure   Level  Hunger
a - Magic Dart            Conj           ####         1%          1    None
b - Shock                 Conj/Air       ####         1%          1    None
c - Fulminant Prism       Conj/Hex       ######....   1%          4    None


Dungeon Overview and Level Annotations

Branches:
Dungeon (1/1)

Altars:
Ashenzari
Cheibriados
Dithmenos
Elyvilon
Fedhas
Gozag
Hepliaklqana
Kikubaaqudgha
Makhleb
Nemelex Xobeh
Okawaru
Qazlal
Ru
Sif Muna
Trog
Uskayaw
Vehumet
Wu Jian
Xom
Yredelemnul
Zin
The Shining One
Beogh
Jiyva
Lugonu

Annotations:
D 1 transporter


Message History

You feel much better.
Casting: Fulminant Prism
Confirm with . or Enter, or press ? or * to list all spells.
Aiming: Fulminant Prism
Press: ? - help, Dir - move target cursor You feel a surge of power!
You conjure a prism of explosive energy!
The tarantella bites you!
You are confused.
The tarantella bites you.
You are more confused.
You feel much better. The tarantella bites you!
You are more confused.
The tarantella bites you!!
* * * LOW HITPOINT WARNING * * *
The tarantella closely misses you.
Your fulminant prism crackles loudly.
You feel much better. The tarantella bites you! The tarantella misses you.
The tarantella bites you. The tarantella bites you!
You die...

▓.8©8.▓.8©8.▓.8©8.▓
▓.")).▓.[...▓..%.%▓
▓.....▓.....▓.%.%.▓
▓.....▓.....▓.....▓
▓.....▓.....▓.....▓
▓.†÷..▓.....▓.....▓
▓.....▓.....▓▓▓▓▓▓▓
▓▓▓▓▓▓▓▓▓▓▓▓▓▓▓▓▓▓▓
▓..8©8...▓.@8©8...▓
▓........▓sss)}...▓
▓........▓.s[.)...▓
▓........▓...*....▓
▓........▓........▓
▓........▓.▓....▓.▓
▓........▓........▓
▓▓▓▓▓▓▓▓▓▓▓▓▓▓▓▓▓▓▓


You could see 3 tarantellas, a scorpion and a friendly fulminant prism.

Vanquished Creatures
  A slime creature (D)
  A tarantella (D)
  A water moccasin (D)
  A hell hound (D)
  A crimson imp (D)
  2 jellies (D)
  An adder (D)
  A shadow imp (D)
  An ufetubus (D)
  An ooze (D)
  2 ball pythons (D)
  A bat skeleton (D)
  2 fulminant prisms (D)
16 creatures vanquished.

Vanquished Creatures (others)
  7 fulminant prisms (D)
7 creatures vanquished.

Grand Total: 23 creatures vanquished

Notes
Turn   | Place    | Note
-------+----------+-------------------------------------------
     0 | D        | pib the Deep Elf Conjurer began the quest for the Orb.
     0 | D        | Reached XP level 1. HP: 10/10 MP: 6/6
     0 | D        | Found a deep blue altar of Sif Muna.
     0 | D        | Found a sacrificial altar of Ru.
     0 | D        | Found a bloodstained altar of Trog.
     0 | D        | Found a stormy altar of Qazlal.
     0 | D        | Found an iron altar of Okawaru.
     0 | D        | Found a sparkling altar of Nemelex Xobeh.
     0 | D        | Found a blossoming altar of Fedhas.
     2 | D        | Found a transporter.
     2 | D        | Found an ancient bone altar of Kikubaaqudgha.
     2 | D        | Found a viscous altar of Jiyva.
     2 | D        | Found a corrupted altar of Lugonu.
     2 | D        | Found a hazy altar of Hepliaklqana.
     2 | D        | Found a burning altar of Makhleb.
     2 | D        | Found an opulent altar of Gozag.
   102 | D        | Became a worshipper of Vehumet
   121 | D        | Entered arena 2.
   121 | D        | Noticed a hell hound
   121 | D        | Found a transporter.
   123 | D        | Killed a hell hound
   123 | D        | Reached skill level 7 in Spellcasting
   123 | D        | Reached XP level 2. HP: 14/15 MP: 7/12
   123 | D        | Reached XP level 3. HP: 18/19 MP: 7/13
   123 | D        | Reached XP level 4. HP: 23/24 MP: 8/15
   174 | D        | Reached skill level 14 in Spellcasting
   174 | D        | Reached XP level 5. HP: 28/28 MP: 15/23
   221 | D        | Entered arena 3.
   221 | D        | Found a transporter.
   225 | D        | Reached * piety under Vehumet
   225 | D        | Offered knowledge of Shock by Vehumet.
   241 | D        | Reached skill level 10 in Conjurations
   246 | D        | Learned a level 1 spell: Shock
   372 | D        | Learned a level 4 spell: Fulminant Prism
   408 | D        | Entered arena 4.
   408 | D        | Noticed a water moccasin
   408 | D        | Found a transporter.
   411 | D        | Reached ** piety under Vehumet
   411 | D        | Offered knowledge of Sandblast by Vehumet.
   411 | D        | Reached skill level 1 in Air Magic
   414 | D        | Killed a water moccasin
   414 | D        | Reached XP level 6. HP: 16/32 MP: 19/25
   576 | D        | Entered arena 5.
   576 | D        | Noticed a slime creature
   576 | D        | Found a transporter.
   579 | D        | Offered knowledge of Throw Flame by Vehumet.
   579 | D        | Reached *** piety under Vehumet
   579 | D        | Reached skill level 5 in Air Magic
   589 | D        | Killed a slime creature
   589 | D        | Reached XP level 7. HP: 3/36 MP: 21/26
   779 | D        | Got the amulet of Odeats {Faith rPois Str+3}
   862 | D        | Entered arena 6.
   862 | D        | Noticed a tarantella
   862 | D        | Noticed a tarantella
   862 | D        | Noticed a tarantella
   862 | D        | Noticed a tarantella
   862 | D        | Found a transporter.
   865 | D        | Killed a tarantella
   865 | D        | Offered knowledge of Airstrike by Vehumet.
   865 | D        | Reached **** piety under Vehumet
   870 | D        | Slain by a tarantella

Vault maps used:
D:        sprint_v

Skill      XL: |  1  2  3  4  5  6  7 |
---------------+----------------------+-----
Spellcasting   | 7 14 | 14.1
Conjurations   | 9 10 | 10.2
Air Magic      | 4 8 9 |  9.4
Fighting       | 2 |  2.4
Dodging        | |  2.4
Stealth        | |  2.4

Action                   |  1- 3 |  4- 6 |  7- 9 || total
-------------------------+-------+-------+-------++-------
Melee: Double sword      |       |    17 |       ||    17
 Cast: Fulminant Prism   |       |     7 |     3 ||    10
       Magic Dart        |       |     1 |       ||     1
       Shock             |       |     2 |       ||     2
Evoke: Wand              |     1 |     2 |     1 ||     4
  Use: Potion            |       |     1 |     3 ||     4
       Scroll            |       |     1 |     1 ||     2
  Eat: Bread ration      |       |     1 |       ||     1
Armor: Gold dragon scale |     3 |    42 |       ||    45
Dodge: Dodged            |       |     6 |     5 ||    11
Block: Buckler           |     1 |    12 |       ||    13
       Rpst.: Double sword |       |     1 |       ||     1
